 Dungeon Crawl Stone Soup version 0.29.1-12-g30fa7ad0bf (webtiles) character file.

Game seed: 11681741203936773674

449 hawla the Firebug (level 7, -3/51 HPs)
             Began as a Meteoran Fire Elementalist on Dec 12, 2022.
             Was an Initiate of Vehumet.
             Slain by Maggie
             ... wielding a +0 glaive
              (12 damage)
             ... on level 6 of the Dungeon.
             The game lasted 00:05:50 (828 turns).

hawla the Firebug (Meteoran Fire Elementalist)       Turns: 828, Time: 00:05:51

Health: -3/51      AC:  3    Str:  9    XL:     7   Next: 50%
Magic:  6/14       EV: 13    Int: 19    God:    Vehumet [......]
Gold:   36         SH:  0    Dex: 15    Spells: 7/14 levels left

rFire   . . .      SeeInvis .   n - +0 quarterstaff
rCold   . . .      Faith    .   (shield currently unavailable)
rNeg    . . .      Spirit   .   a - +0 robe
rPois   .          Reflect  .   (no helmet)
rElec   .          Harm     .   i - +0 cloak
rCorr   .          Rampage  .   (no gloves)
Will    +....                   (no boots)
Stlth   +.........              (no amulet)
HPRegen 0.17/turn               f - ring of willpower
MPRegen 0.14/turn               (no ring)

@: glowing
A: sense surroundings 1, otherworldly, glowing, explore regen
a: Renounce Religion


You were on level 6 of the Dungeon.
You worshipped Vehumet.
Vehumet was noncommittal.
You visited 2 branches of the dungeon, and saw 7 of its levels.

You collected 36 gold pieces.

Inventory:

Hand Weapons
 n - a +0 quarterstaff (weapon)
Armour
 a - a +0 robe (worn)
 i - a +0 cloak (worn)
Jewellery
 f - a ring of willpower (left hand)
Wands
 k - a wand of flame (22)
Scrolls
 c - a scroll of enchant weapon
 o - a scroll of identify
Potions
 b - a potion of magic
 d - a potion of resistance
 g - a potion of lignification {unknown}
 h - 2 potions of cancellation {unknown}
 l - a potion of mutation {unknown}
 m - a potion of heal wounds {unknown}


   Skills:
 + Level 0.5 Fighting
 + Level 3.1 Dodging
 - Level 1.4 Stealth
 + Level 4.4 Spellcasting
 + Level 5.4 Conjurations
 + Level 5.6 Fire Magic
 + Level 2.0 Evocations


You had 7 spell levels left.
You knew the following spells:

 Your Spells              Type           Power      Damage    Failure   Level
a - Foxfire               Conj/Fire      100%       2x1d9     1%          1
b - Scorch                Fire           50%        2d8       1%          2
c - Flame Wave            Conj/Fire      25%        2d8       14%         4

Your spell library contained the following spells:

 Spells                   Type           Power      Damage    Failure   Level
 Conjure Flame            Conj/Fire      25%        6-21      4%          3
 Inner Flame              Hex/Fire       14%        N/A       12%         3
 Beastly Appendage        Tmut           8%         N/A       13%         1
 Wereblood                Tmut           4%         N/A       21%         2
 Spider Form              Tmut/Pois      4%         N/A       36%         3


Dungeon Overview and Level Annotations

Branches:
Dungeon (6/15) Zot: 2865   Temple (1/1) D:4 Zot: 506

Altars:
Ashenzari
Dithmenos
Elyvilon
Fedhas
Gozag
Hepliaklqana
Kikubaaqudgha
Makhleb
Nemelex Xobeh
Okawaru
Sif Muna
Trog
Uskayaw
Vehumet
Wu Jian
Xom
Zin
The Shining One

Annotations:
D:4 2 runed translucent doors
D:6 Maggie


Innate Abilities, Weirdness & Mutations

You passively map a small area around you.
You are easily found by Zot.
You glow in the dark.
You regain HP and MP as you explore.


Message History

The water moccasin is almost dead.
Casting: Scorch (safe; 2% risk of failure)
Confirm with . or Enter, or press ? or * to list all spells.
Flames lash the water moccasin.
The water moccasin is burned terribly!
The water moccasin is almost dead.
You hear a shout! x3
The foxfire hits the water moccasin!
The water moccasin is burned terribly!
You kill the water moccasin!
Vehumet accepts your kill.
A gnoll comes into view. It is wielding a +0 club.
Training target 2.0 for Evocations reached!
Your Evocations skill gained 2 levels and is now at level 2!
You need to enable at least one skill for training.
Setting a skill training target for Staves at 14.0.
There is an escape hatch in the floor here.
You slide downwards.
The hatch slams shut behind you.
Maggie shouts!
An adder comes into view.
Casting: Scorch (safe; 1% risk of failure)
Confirm with . or Enter, or press ? or * to list all spells.
Flames lash Maggie.
Maggie is lightly wounded.
Maggie's fire resistance burns away.
The adder hisses angrily.
Unknown command.
Casting: Scorch (safe; 1% risk of failure)
Confirm with . or Enter, or press ? or * to list all spells.
The spell is quite dangerous to miscast (14% risk of failure)!
Continue anyway?
Okay, then.
As you read the scroll labelled KOADIGAWKO, it crumbles to dust.
The creatures around you are filled with an inner flame!
It was a scroll of immolation.
Maggie hits you from afar with a +0 glaive!
* * * LOW HITPOINT WARNING * * *
As you read the scroll labelled YLOETH DUSIWNUE, it crumbles to dust.
It is a scroll of amnesia.
Really abort (and waste the scroll)?
Okay, then.
Maggie hits you from afar with a +0 glaive!
You die...

##### * *
##... ,, *
######...,, ,
* ,
........#####
, , #...@.@#
* #.o###.# ,
, #..# #S# ,
, #..# #.#, ,
* *
####..###.# ,
,,,
.......o..
##....### , ,
* , * *#..o.#
, * * *
.....#..z# *


You could see Maggie (inner flame, combustible), an adder (inner flame) and 2
orcs.

Vanquished Creatures
  A water moccasin (D:5)
  An ogre (D:5)
  A centaur (D:4)
  A scorpion (D:5)
  A wight (D:5)
  A hound (D:5)
  2 adders (D:2)
  A worm (D:2)
  A dart slug (D:4)
  An orc (D:5)
  A bat (D:2)
  4 endoplasms
  2 giant cockroaches (D:2)
  A goblin (D:4)
  2 hobgoblins (D:2)
  2 jackals (D:2)
  A quokka (D:2)
  2 ball pythons
  A frilled lizard (D:2)
  2 kobolds (D:2)
  A rat (D:2)
30 creatures vanquished.

Vanquished Creatures (others)
  70 foxfires
70 creatures vanquished.

Grand Total: 100 creatures vanquished

Notes
Turn   | Place    | Note
-------+----------+-------------------------------------------
     0 | D:1      | hawla the Meteoran Fire Elementalist began the quest for
                  | the Orb.
     0 | D:1      | Reached XP level 1. HP: 14/14 MP: 5/5
    19 | D:2      | Found a faded altar of an unknown god.
    71 | D:2      | Reached XP level 2. HP: 20/20 MP: 1/6
    74 | D:2      | Learned a level 2 spell: Scorch
   153 | D:2      | Reached XP level 3. HP: 13/26 MP: 0/8
   271 | D:4      | Reached XP level 4. HP: 33/33 MP: 4/9
   289 | D:4      | Noticed a centaur
   299 | D:4      | Killed a centaur
   300 | D:4      | Reached skill level 5 in Fire Magic
   300 | D:4      | Reached XP level 5. HP: 8/39 MP: 1/12
   311 | D:4      | Learned a level 4 spell: Flame Wave
   394 | D:4      | Found a large runed translucent door.
   394 | D:4      | Found a large runed translucent door.
   495 | D:4      | Found a staircase to the Ecumenical Temple.
   501 | Temple   | Entered the Ecumenical Temple
   571 | Temple   | Became a worshipper of Vehumet
   694 | D:4      | Found a blossoming altar of Fedhas.
   696 | D:4      | Found an ornate altar of the Wu Jian Council.
   697 | D:4      | Found a shimmering blue altar of Sif Muna.
   741 | D:5      | Entered Level 5 of the Dungeon
   765 | D:5      | Noticed an ogre
   771 | D:5      | Killed an ogre
   772 | D:5      | Reached XP level 6. HP: 46/46 MP: 9/13
   787 | D:5      | Reached skill level 5 in Conjurations
   803 | D:5      | Reached XP level 7. HP: 5/51 MP: 0/14
   810 | D:5      | Noticed a water moccasin
   814 | D:5      | Killed a water moccasin
   820 | D:6      | Noticed Maggie
   828 | D:6      | Slain by Maggie

Illustrated notes

Levels and vault maps discovered:
D:1:      amcnicky_arrival_flooded_fountain, layout_basic, serial_shops, shop
D:2:      layout_basic, hellmonk_ecumenical_altar_slurped_away,
          due_unseen_surprise
D:3:      layout_loops_cross, minmay_misc_feat_four_crosses, uniq_robin,
          uniq_sigmund
D:4:      layout_cave_pods, grunt_temple_overflow_open, jmf_multi_god_temple2,
          minmay_temple_entry_hall, minmay_misc_feat_room
D:5:      layout_rooms, uniq_blork_the_orc
D:6:      layout_loops_ring, lemuel_tele_altar, serial_shops,
          nicolae_lakefront_shop, uniq_maggie, uniq_eustachio,
          uniq_prince_ribbit1
Temple:   nicolae_temple_superstar

Skill      XL: |  1  2  3  4  5  6  7 |
---------------+----------------------+-----
Fire Magic     | 4 5 |  5.6
Spellcasting   | 3 4 |  4.4
Dodging        | 3 |  3.1
Conjurations   | 3 5 |  5.4
Evocations     | 2 |  2.0
Fighting       | |  0.5
Stealth        | |  1.4

Action                   |  1- 3 |  4- 6 |  7- 9 || total
-------------------------+-------+-------+-------++-------
Melee: Unarmed           |     8 |       |       ||     8
       Quarterstaff      |       |     3 |       ||     3
 Cast: Foxfire           |    23 |    16 |     2 ||    41
       Scorch            |     5 |     7 |     3 ||    15
       Flame Wave        |       |     1 |       ||     1
  Use: Scroll            |     2 |       |     2 ||     4
Armor: Robe              |     9 |     6 |       ||    15
Dodge: Dodged            |    13 |     9 |       ||    22
